 Dungeon Crawl Stone Soup version 0.29-a0-270-g1586fc07ea (webtiles) character file.

Game seed: 10326278637561245183

9676 lunkers the Stormcaller (level 11, -2/54 HPs)
             Began as a Tengu Air Elementalist on Mar 7, 2022.
             Was a Follower of Vehumet.
             Slain by a vampire mosquito (7 damage)
             ... on level 10 of the Dungeon.
             The game lasted 00:22:15 (15496 turns).

lunkers the Stormcaller (Tengu Air Elementalist)   Turns: 15496, Time: 00:22:15

Health: -2/54      AC:  7    Str:  9    XL:     11   Next: 50%
Magic:  0/25       EV: 14    Int: 20    God:    Vehumet [*.....]
Gold:   466        SH:  6    Dex: 14    Spells: 18/28 levels left

rFire   . . .      SeeInvis .   t - +1 long sword (drain)
rCold   . . .      Faith    .   y - +1 buckler
rNeg    . . .      Spirit   .   a - +0 robe
rPois   .          Reflect  .   (helmet restricted)
rElec   .          Harm     .   e - +0 cloak
rCorr   .          Rampage  .   (no gloves)
Will    +....                   (boots unavailable)
Stlth   ++........              (no amulet)
HPRegen 0.18/turn               F - +4 ring of protection
MPRegen 0.19/turn               n - ring of willpower

@: about to teleport, flying quickly and evasively, quick
A: beak, talons 3, nimble flight
a: Renounce Religion


You were on level 10 of the Dungeon.
You worshipped Vehumet.
Vehumet was aware of your devotion.
You visited 2 branches of the dungeon, and saw 11 of its levels.

You collected 466 gold pieces.

Inventory:

Hand Weapons
 c - a +0 dagger
 t - a +1 long sword of draining (weapon)
Armour
 a - a +0 robe (worn)
 e - a +0 cloak (worn)
 l - a scarf of repulsion
 y - a +1 buckler (worn)
 B - a +0 kite shield
Jewellery
 g - a ring of protection from cold
 i - a ring of resist corrosion
 n - a ring of willpower (right hand)
 r - a ring of positive energy
 F - a +4 ring of protection (left hand)
Wands
 h - a wand of digging (4)
 j - a wand of polymorph (8)
 k - a wand of paralysis (1)
 m - a wand of flame (35)
 w - a wand of iceblast (8)
Scrolls
 f - 3 scrolls of teleportation
 q - 3 scrolls of fog
Potions
 b - 2 potions of magic
 d - a potion of lignification
 o - 4 potions of curing
 p - 2 potions of haste
 s - a potion of brilliance
 u - 3 potions of might
 x - 3 potions of heal wounds
 z - a potion of cancellation {unknown}
 A - 3 potions of ambrosia
 C - 2 potions of berserk rage
 D - a potion of invisibility {unknown}
 G - 2 potions of resistance {unknown}


   Skills:
 - Level 2.1 Dodging
 - Level 2.0 Stealth
 - Level 4.0 Shields
 + Level 9.4 Spellcasting
 - Level 1.3 Conjurations
 * Level 18.1 Air Magic


You had 18 spell levels left.
You knew the following spells:

 Your Spells              Type           Power      Damage    Failure   Level
a - Airstrike             Air            35%        N/A       1%          4
b - Static Discharge      Conj/Air       48%        N/A       1%          2
c - Swiftness             Air            70%        N/A       0%          3
d - Shock                 Conj/Air       100%       1d9       1%          1

Your spell library contained the following spells:

 Spells                   Type           Power      Damage    Failure   Level
 Sandblast                Erth           18%        2d7       10%         1
 Pain                     Necr           36%        1d5       10%         1
 Blink                    Tloc           18%        N/A       14%         2
 Gell's Gravitas          Tloc           9%         N/A       28%         3
 Lesser Beckoning         Tloc           9%         N/A       28%         3
 Teleport Other           Tloc           9%         N/A       28%         3
 Animate Armour           Summ/Erth      18%        N/A       67%         4
 Storm Form               Tmut/Air       22%        N/A       88%         7
 Agony                    Necr           9%         N/A       95%         5
 Blade Hands              Tmut           4%         N/A       95%         5
 Excruciating Wounds      Necr           4%         N/A       95%         5
 Manifold Assault         Tloc           9%         N/A       95%         5
 Iron Shot                Conj/Erth      6%         9d2       100%        6


Dungeon Overview and Level Annotations

Branches:
Dungeon (10/15)            Temple (1/1) D:6            Lair (0/6) D:8
    Orc: D:9-12

Altars:
Ashenzari
Cheibriados
Dithmenos
Fedhas
Gozag
Hepliaklqana
Kikubaaqudgha
Nemelex Xobeh
Okawaru
Qazlal
Ru
Sif Muna
Trog
Uskayaw
Vehumet
Wu Jian
Xom
Yredelemnul
Zin
The Shining One

Shops:
D:7 !


Innate Abilities, Weirdness & Mutations

You have a beak for a mouth.
You have claws for feet.
Your magical nature lets you fly swiftly and evasively.


Message History

Aim: a vampire mosquito (empty space bonus: 6/8)
The air twists around and strikes the vampire mosquito!
The vampire mosquito is heavily damaged.
The vampire mosquito bites you.
* * * LOW HITPOINT WARNING * * *
The vampire mosquito draws strength from your injuries!
You block the vampire mosquito's attack.
The vampire mosquito barely misses you.
The vampire mosquito closely misses you.
Casting: Airstrike (safe; 1% risk of failure)
Confirm with . or Enter, or press ? or * to list all spells.
Aiming: Airstrike (safe; 1% risk of failure)
Press: ? - help, Dir - move target, f/p - vampire mosquito
Aim: a vampire mosquito (heavily damaged, empty space bonus: 6/8)
The air twists around and strikes the vampire mosquito!
The vampire mosquito is almost destroyed.
* * * LOW MAGIC WARNING * * *
The vampire mosquito bites you but does no damage.
The vampire mosquito bites you.
* * * LOW HITPOINT WARNING * * *
The vampire mosquito draws strength from your injuries!
The vampire mosquito bites you!
* * * LOW HITPOINT WARNING * * *
The vampire mosquito draws strength from your injuries!
The vampire mosquito completely misses you.
Casting: Airstrike (safe; 1% risk of failure)
Confirm with . or Enter, or press ? or * to list all spells.
Aiming: Airstrike (safe; 1% risk of failure)
Press: ? - help, Dir - move target, f/p - vampire mosquito
Aim: a vampire mosquito (severely damaged, empty space bonus: 6/8)
The air twists around and strikes the vampire mosquito!
You destroy the vampire mosquito!
Vehumet accepts your kill.
* * * LOW MAGIC WARNING * * *
The vampire mosquito closely misses you.
The vampire mosquito bites you but does no damage.
Unknown command.
As you read the scroll of teleportation, it crumbles to dust.
You feel strangely unstable. The vampire mosquito bites you!
You die...

#.##.#..# ...####
#.##.##.# .....
#.......# ...
#.......# #'#
####.#### #.# #.#
#.####### #.#
##........
#.##########y..######
#............@.....#
############.........
##.####.## ### .. #


You could see a vampire mosquito.

Vanquished Creatures
  2 two-headed ogres
  Pikel (D:6)
  An ugly thing (D:9)
  A gargoyle (D:8)
  A kobold demonologist (D:8)
  A troll (D:7)
  A hornet (D:10)
  7 wyverns
  3 yaks
  A wraith (D:7)
  Menkaure (D:6)
  2 vampire mosquitoes (D:10)
  5 water moccasins
  4 sky beasts
  2 orc warriors (D:8)
  7 black bears
  2 ogres
  4 wolves (D:8)
  9 centaurs
  Blork the orc (D:6)
  8 bullfrogs
  3 scorpions
  3 wights (D:8)
  2 killer bees (D:8)
  2 howler monkeys (D:8)
  3 orc priests
  A hound (D:6)
  A gnoll shaman (D:7)
  4 jellies
  3 iguanas
  Jessica (D:2)
  2 orc wizards (D:8)
  Robin (D:2)
  7 gnolls
  5 adders
  2 shadow imps
  2 worms (D:3)
  5 dart slugs
  23 orcs
  7 bats
  7 endoplasms
  A giant cockroach (D:4)
  18 goblins
  10 hobgoblins
  8 jackals
  5 quokkas
  8 ball pythons
  4 frilled lizards
  6 kobolds
  2 rats (D:1)
210 creatures vanquished.

Vanquished Creatures (others)
  8 fungi
  28 plants
36 creatures vanquished.

Grand Total: 246 creatures vanquished

Notes
Turn   | Place    | Note
-------+----------+-------------------------------------------
     0 | D:1      | lunkers the Tengu Air Elementalist began the quest for the
                  | Orb.
     0 | D:1      | Reached XP level 1. HP: 10/10 MP: 4/4
   515 | D:1      | Reached XP level 2. HP: 15/15 MP: 3/6
   521 | D:1      | Learned a level 2 spell: Static Discharge
   915 | D:1      | Reached skill level 5 in Air Magic
   918 | D:1      | Reached XP level 3. HP: 19/19 MP: 2/7
   999 | D:1      | Found a faded altar of an unknown god.
  1725 | D:2      | Noticed Jessica
  1731 | D:2      | Reached XP level 4. HP: 24/24 MP: 3/9
  1738 | D:1      | Learned a level 3 spell: Swiftness
  1791 | D:2      | Killed Jessica
  1792 | D:2      | Reached skill level 6 in Air Magic
  2204 | D:2      | Noticed Robin
  2277 | D:2      | Killed Robin
  2278 | D:2      | Gained mutation: Your magical nature lets you fly swiftly
                  | and evasively. [Tengu growth]
  2278 | D:2      | Reached XP level 5. HP: 28/28 MP: 0/10
  2559 | D:2      | Learned a level 4 spell: Airstrike
  2892 | D:3      | Reached skill level 7 in Air Magic
  5074 | D:4      | Reached XP level 6. HP: 31/32 MP: 6/12
  6146 | D:5      | Entered Level 5 of the Dungeon
  6149 | D:5      | Reached skill level 8 in Air Magic
  6451 | D:5      | Noticed a sky beast
  6454 | D:5      | Killed a sky beast
  6455 | D:5      | Reached XP level 7. HP: 36/36 MP: 1/14
  6695 | D:5      | Reached skill level 9 in Air Magic
  7265 | D:6      | Noticed Blork the orc
  7266 | D:6      | Reached skill level 1 in Shields
  7427 | D:6      | Killed Blork the orc
  7436 | D:6      | Reached skill level 10 in Air Magic
  7436 | D:6      | Reached XP level 8. HP: 34/41 MP: 0/16
  7631 | D:6      | Noticed Pikel
  7632 | D:6      | Reached skill level 5 in Spellcasting
  7745 | D:6      | Killed Pikel
  7746 | D:6      | Reached skill level 11 in Air Magic
  7889 | D:6      | Found a staircase to the Ecumenical Temple.
  7968 | Temple   | Entered the Ecumenical Temple
  8232 | Temple   | Became a worshipper of Vehumet
  8356 | D:6      | Noticed Menkaure
  8358 | D:6      | Killed Menkaure
  8359 | D:6      | Reached XP level 9. HP: 45/45 MP: 9/18
  8621 | D:6      | Reached skill level 12 in Air Magic
  8967 | D:7      | Found Ihyck's Distillery.
  9209 | D:7      | Reached skill level 13 in Air Magic
  9430 | D:7      | Noticed a troll
  9433 | D:7      | Killed a troll
  9933 | D:7      | Reached skill level 14 in Air Magic
 10128 | D:7      | Reached XP level 10. HP: 50/50 MP: 16/21
 11219 | D:8      | Noticed a gargoyle
 11582 | D:8      | Killed a gargoyle
 11726 | D:8      | Reached skill level 15 in Air Magic
 12410 | D:8      | Reached * piety under Vehumet
 12410 | D:8      | Offered knowledge of Sandblast by Vehumet.
 12422 | D:8      | Reached skill level 16 in Air Magic
 12627 | D:8      | Found a snail-covered altar of Cheibriados.
 12635 | D:8      | Noticed a kobold demonologist
 12639 | D:8      | Killed a kobold demonologist
 12781 | D:8      | Found a staircase to the Lair.
 12921 | D:8      | Noticed a two-headed ogre
 12926 | D:8      | Killed a two-headed ogre
 12927 | D:8      | Reached XP level 11. HP: 54/54 MP: 7/24
 13232 | D:8      | Reached skill level 17 in Air Magic
 14181 | D:9      | Noticed a two-headed ogre
 14202 | D:9      | Killed a two-headed ogre
 14474 | D:9      | Noticed a purple ugly thing
 14483 | D:9      | Killed a purple ugly thing
 14918 | D:10     | Entered Level 10 of the Dungeon
 15274 | D:10     | Reached skill level 18 in Air Magic
 15496 | D:10     | Slain by a vampire mosquito

Illustrated notes

Levels and vault maps discovered:
D:1:      scummos_arrival_hexagon, layout_loops_ring,
          shapermc_ecumenical_altar_mp_urbaneastern
D:2:      layout_basic, uniq_jessica, uniq_robin
D:3:      layout_basic, grunt_decor_mini_mirrors, minmay_ruptured
D:4:      layout_loops_ring, serial_co_window_serial,
          co_window_of_opportunity_a, co_window_corner_a, co_window_corner_a,
          co_window_paths_b, co_window_paths_b, co_window_cross_1,
          co_window_corner_a, co_window_corner_b, co_window_broadway_b,
          co_window_cross_4, co_window_of_opportunity_c, co_window_broadway_b,
          co_window_2corner, co_window_4corner_a, glass_columns_c,
          glass_columns_b, glass_columns_b, glass_columns_c
D:5:      layout_basic
D:6:      layout_cave_pools, minmay_temple_entry_large_hall, uniq_menkaure,
          uniq_blork_the_orc, uniq_pikel
D:7:      layout_basic, serial_shops, shop
D:8:      layout_gridville, lemuel_tele_altar, minmay_lair_entry_grove,
          columned_hall_lemuel, minmay_joined_circles
D:9:      layout_loops_ring
D:10:     layout_loops_corners, gammafunk_temple_overflow_statue, serial_glass,
          glass_columns_a, glass_columns_a, glass_columns_b, glass_columns_a,
          glass_columns_a, glass_columns_a, uniq_fannar
Temple:   mainiacjoe_temple_bowtie_tessellation

Skill      XL: |  1  2  3  4  5  6  7  8  9 10 11 |
---------------+----------------------------------+-----
Air Magic      | 5 6 7 8 10 11 14 16 18 | 18.1
Spellcasting   | 3 4 5 7 8 9 |  9.4
Shields        | 2 3 4 |  4.0
Dodging        | |  2.1
Stealth        | |  2.0
Conjurations   | |  1.3

Action                   |  1- 3 |  4- 6 |  7- 9 | 10-12 || total
-------------------------+-------+-------+-------+-------++-------
Melee: Unarmed           |     7 |       |       |       ||     7
       Kick              |     1 |     1 |       |     7 ||     9
       Peck              |     1 |     1 |     2 |     2 ||     6
       Dagger            |       |     5 |       |       ||     5
       Long sword        |       |     1 |     8 |    18 ||    27
 Cast: Shock             |    72 |   110 |       |       ||   182
       Static Discharge  |     2 |    31 |     9 |       ||    42
       Airstrike         |       |     7 |    68 |   142 ||   217
Evoke: Wand              |       |       |     3 |     1 ||     4
  Use: Scroll            |       |     4 |     1 |    17 ||    22
       Potion            |       |       |       |     1 ||     1
Armor: Robe              |     8 |     1 |     1 |    14 ||    24
Dodge: Dodged            |    16 |    17 |    17 |    49 ||    99
Block: Buckler           |       |       |     3 |    29 ||    32

Table legend: (Time is in decaauts)
 A = Elapsed time spent in this place.
 B = Non-inter-level travel time spent in this place.
 C = Inter-level travel time spent in this place.
 D = Time resting spent in this place.
 E = Time spent auto-exploring this place.
 F = Levels seen in this place.
 G = Mean time per level.
                   A        B        C        D        E       F      G
               +--------+--------+--------+--------+--------+-----+--------+
         Total |  14945 |  14427 |    518 |   1852 |  11224 |  11 | 1358.6 |
       Dungeon |  14694 |  14218 |    476 |   1852 |  11027 |  10 | 1469.4 |
        Temple |    251 |    209 |     42 |      0 |    197 |   1 |  251.0 |
               +--------+--------+--------+--------+--------+-----+--------+

Top non-repeatable levels by time:
     D:7: 2677 daAuts
     D:8: 2364 daAuts
     D:1: 1782 daAuts
     D:4: 1740 daAuts
     D:2: 1357 daAuts
     D:9: 1134 daAuts
     D:6: 1110 daAuts
     D:5: 1102 daAuts
     D:3: 1085 daAuts
    D:10: 339 daAuts
  Temple: 251 daAuts
